 Dungeon Crawl Stone Soup version 0.31.0-11-ge490571c62 (webtiles) character file.

Game seed: 673798970891489078

67 jagang the Trooper (level 4, -2/37 HPs)
             Began as a Human Monk on Jan 26, 2024.
             Slain by a gnoll
             ... wielding a +0 halberd
              (4 damage)
             ... on level 2 of the Dungeon.
             The game lasted 00:02:50 (1360 turns).

jagang the Trooper (Human Monk)                     Turns: 1360, Time: 00:02:50

Health: -2/37      AC:  4    Str: 11    XL:     4   Next: 18%
Magic:  4/4        EV: 13    Int: 10    God:
Gold:   93         SH:  0    Dex: 18    Spells: 3/3 levels left

rFire   . . .        a - +0 falchion
rCold   . . .        d - orb {light}
rNeg    + . .        f - +2 robe {rN+}
rPois   .            (no helmet)
rElec   .            (no cloak)
rCorr   .            (no gloves)
SInv    .            (no boots)
Will    .....        (no amulet)
Stlth   +            (no ring)
HPRegen 0.26/turn    (no ring)
MPRegen 0.09/turn

%: no passive effects
@: glowing
A: explore regen
a: no special abilities


You were on level 2 of the Dungeon.
You visited 1 branch of the dungeon, and saw 2 of its levels.

You collected 93 gold pieces.

Inventory:

Hand Weapons
 a - a +0 falchion (weapon)
Armour
 d - an orb of light (worn)
 f - a +2 robe of positive energy (worn)
Jewellery
 b - a ring of resist corrosion
Scrolls
 e - a scroll of identify {unknown}
Potions
 c - 2 potions of ambrosia
 g - a potion of resistance {unknown}
 h - 2 potions of degeneration {unknown}


   Skills:
 * Level 3.9 Fighting
 + Level 3.4 Long Blades
 + Level 1.3 Armour
 - Level 3.0 Dodging
 + Level 1.2 Shields


You had 3 spell levels left.
You didn't know any spells.
Your spell library contained the following spells:

 Spells                   Type           Power      Damage    Failure   Level
 Call Imp                 Summ           0%         N/A       50%         2
 Sublimation of Blood     Necr           0%         N/A       50%         2
 Summon Hydra             Summ           0%         N/A       100%        7


Dungeon Overview and Level Annotations

Branches:
Dungeon (2/15)

Altars:


Innate Abilities, Weirdness & Mutations

You regain HP and MP as you explore.


Message History

You hit the ball python.
The ball python is severely wounded.
The ball python barely misses you. The ball python constricts you.
The gnoll closely misses you.
A ribbon worm comes into view.
You hit the ball python.
You kill the ball python!
The gnoll hits you from afar with a +0 halberd.
You have reached level 4!
You feel agile. The gnoll attacks as it pursues you!
The gnoll hits you but does no damage. The gnoll attacks as it pursues you!
The gnoll hits you from afar with a +0 spear.
You hit the gnoll.
The gnoll is lightly wounded.
The gnoll hits you with a +0 whip.
You barely miss the gnoll.
The gnoll is lightly wounded.
The gnoll completely misses you.
The gnoll hits you from afar with a +0 halberd!
The gnoll completely misses you.
You slash the gnoll!
The gnoll is severely wounded.
The gnoll hits you from afar with a +0 halberd!
* * * LOW HITPOINT WARNING * * *
The gnoll hits you with a +0 whip.
* * * LOW HITPOINT WARNING * * *
You hit the gnoll.
You kill the gnoll!
The gnoll misses you. The gnoll closely misses you. The gnoll misses you.
Things that are here:
a +0 whip; a gnoll corpse You hit the gnoll.
The gnoll is lightly wounded.
The gnoll barely misses you. The gnoll hits you but does no damage.
You hit the gnoll.
The gnoll is lightly wounded.
The gnoll hits you with a +0 halberd.
You die...

########### #.#
#.........# #.#
#.#######.# #.# #.# #.#
#.# #.# #.# #.# #.#
#.#####.#### #.#
#...........
######.#############.####
#.......@ggw.........#
#.####.###g..#########
...# ..... ###.# .### ##.
# #


You could see a ribbon worm and 3 gnolls.

Vanquished Creatures
  A gnoll (D:2)
  A dart slug (D:1)
  2 ribbon worms (D:2)
  5 ball pythons
  5 bats
  An endoplasm (D:1)
  A giant cockroach (D:2)
  5 goblins
  4 hobgoblins
  6 jackals
  3 quokkas (D:1)
  A frilled lizard (D:2)
  6 kobolds
  5 rats
46 creatures vanquished.

Notes
Turn   | Place    | Note
-------+----------+-------------------------------------------
     0 | D:1      | jagang the Human Monk began the quest for the Orb.
     0 | D:1      | Reached XP level 1. HP: 18/18 MP: 1/1
   182 | D:1      | Reached XP level 2. HP: 24/24 MP: 2/2
   513 | D:1      | Reached XP level 3. HP: 29/29 MP: 3/3
   558 | D:1      | Reached skill level 1 in Armour
   771 | D:1      | Reached skill level 1 in Shields
  1353 | D:2      | Reached XP level 4. HP: 30/37 MP: 4/4
  1356 | D:2      | HP: 1/37 [gnoll/+0 whip (3)]
  1360 | D:2      | Slain by a gnoll

Illustrated notes

Levels and vault maps discovered:
D:1:      lightli_arrival_quake, layout_basic
D:2:      layout_loops_ring

Skill      XL: |  1  2  3 |
---------------+----------+-----
Armour         | 1 |  1.3
Shields        | 1 |  1.2
Fighting       | |  3.9
Long Blades    | |  3.4
Dodging        | |  3.0

Action                     |  1- 3 |  4- 6 || total
---------------------------+-------+-------++-------
  Melee: Falchion          |   129 |     6 ||   135
 Armour: Robe              |    76 |     8 ||    84
  Dodge: Dodged            |    99 |     6 ||   105
